 Dungeon Crawl Stone Soup version 0.32-a0-20-ge526923d97 (webtiles) character file.

Game seed: 4286233023373157993

1985075 bakla the Disciple (level 26, 162/211 HPs)
             Began as a Felid Warper on Jan 17, 2024.
             Was an Initiate of Sif Muna.
             Escaped with the Orb
             ... and 3 runes!
             The game lasted 02:09:00 (49922 turns).

bakla the Disciple (Felid Warper)                  Turns: 49922, Time: 02:09:01

Health: 162/211    AC: 31    Str: 15    XL:     26   Next: 41%
Magic:  40/40      EV: 37    Int: 18    God:    Sif Muna [......]
Gold:   2901       SH:  2    Dex: 20    Spells: 24/33 levels left
                                        Lives:  2   Deaths: 3

rFire   + .          .
                       - Unarmed
rCold   . . .        (shield unavailable)
rNeg    + . .        (body armour unavailable)
rPois   ∞            (helmet unavailable)
rElec   +            (cloak unavailable)
rCorr   .            (gloves unavailable)
SInv    +            (boots unavailable)
Will    +++..        e - amulet of regeneration
Stlth   +            o - ring of protection from fire
HPRegen 1.35/turn    U - ring of the Octopus King {HP+2 AC+2 EV+2 SH+2 SInv}
MPRegen 0.27/turn

%: no passive effects
@: statue-form, studying Translocations, very slow
A: slow and powerful, torment resistance 1, boosted hp, very small, claws 1,
fangs 3, see invisible, (shaggy fur 3), stealthy paws, no weapons or thrown
items, no armour, multi-lived, clumsy 1, deterioration 1
0: Orb of Zot
}: 3/15 runes: decaying, serpentine, silver
a: Begin Untransformation, Renounce Religion


You escaped.
You worshipped Sif Muna.
Sif Muna was noncommittal.
You were a living statue of rough stone.
You visited 10 branches of the dungeon, and saw 48 of its levels.
You visited the Abyss 1 time.
You also visited: Ossuary and Wizlab.

You collected 6345 gold pieces.
You spent 3444 gold pieces at shops.

Inventory:

Jewellery
 a - a ring of resist corrosion
 e - an amulet of regeneration (around neck)
 f - a +6 ring of strength
 o - a ring of protection from fire (left paw)
 F - a ring of willpower
 I - a ring of protection from cold
 Q - a ring of protection from cold
 R - a +4 ring of protection
 U - a ring of the Octopus King (right paw) {HP+2 AC+2 EV+2 SH+2 SInv}
   (You took it off a deep elf blademaster on level 3 of the Elven Halls)

   [ring of see invisible]

   AC+2:      It affects your AC (+2).
   EV+2:      It affects your evasion (+2).
   HP+2:      It affects your health (+2).
   SInv:      It lets you see invisible.
   SH+2:      It affects your SH (+2).
 V - a ring of protection from cold
 Z - a ring of willpower
Talismans
 b - the granite talisman of the Apothecary (active) {Dex+3}
   (You found it on level 3 of the Lair of Beasts)

   [granite talisman]

   Dex+3:     It affects your dexterity (+3).
 y - a maw talisman
 J - the dragon-blood talisman "Sioskofa" {rElec rF- Str+8 Dex+2}
   (You found it on level 5 of the Lair of Beasts)

   [dragon-blood talisman]

   Str+8:     It affects your strength (+8).
   Dex+2:     It affects your dexterity (+2).
   rF-:       It makes you vulnerable to fire.
   rElec:     It insulates you from electricity.
Wands
 s - a wand of roots (55)
 z - a wand of digging (7)
 C - a wand of paralysis (38)
 H - a wand of mindburst (46)
 P - a wand of flame (105)
 W - a wand of acid (23)
 Y - a wand of polymorph (17)
Scrolls
 g - 5 scrolls of blinking
 l - 4 scrolls of vulnerability
 p - 7 scrolls of immolation
 r - 4 scrolls of torment
 t - 5 scrolls of poison
 u - 9 scrolls of noise
 A - 7 scrolls of amnesia
 D - 2 scrolls of revelation
 E - 3 scrolls of silence
 L - 10 scrolls of fog
 N - 4 scrolls of fear
 O - 21 scrolls of identify
 X - 7 scrolls of teleportation
Potions
 c - 8 potions of haste
 d - 2 potions of berserk rage
 h - 6 potions of enlightenment
 i - 8 potions of mutation
 j - 18 potions of curing
 k - 5 potions of heal wounds
 m - 8 potions of brilliance
 n - a potion of cancellation
 q - 6 potions of might
 v - 4 potions of lignification
 w - a potion of invisibility
 B - 13 potions of attraction
 G - 3 potions of ambrosia
 M - a potion of resistance
Miscellaneous
 x - a box of beasts
 K - a lightning rod (4/4)
 T - a phantom mirror


   Skills:
 - Level 23.9 Fighting
 - Level 20.0 Dodging
 + Level 2.3 Stealth
 - Level 23.9 Unarmed Combat
 - Level 4.0 Spellcasting
 - Level 4.0 Hexes
 - Level 5.0 Necromancy
 - Level 4.4 Translocations
 - Level 24.0 Invocations
 - Level 18.0 Shapeshifting


You had 24 spell levels left.
You knew the following spells:

 Your Spells              Type           Power      Damage    Failure   Level
a - Blink                 Tloc           38%        N/A       3%          2
b - Confusing Touch       Hex            18%        N/A       9%          3
c - Summon Small Mammal   Summ           12%        N/A       14%         1
d - Fugue of the Fallen   Necr           21%        N/A       5%          3

Your spell library contained the following spells:

 Spells                   Type           Power      Damage    Failure   Level
 Necrotise                Necr           84%        1d8       1%          1
 Apportation              Tloc           38%        N/A       2%          1
 Lesser Beckoning         Tloc           38%        N/A       3%          2
 Kiss of Death            Conj/Necr      48%        2d9       5%          1
 Vampiric Draining        Necr           21%        2d7       5%          3
 Gell's Gravitas          Tloc           19%        N/A       8%          3
 Teleport Other           Tloc           19%        N/A       8%          3
 Sigil of Binding         Hex            18%        N/A       9%          3
 Ensorcelled Hibernation  Hex/Ice        20%        N/A       10%         2
 Magic Dart               Conj           12%        1d3       14%         1
 Sandblast                Erth           6%         2d5       14%         1
 Shock                    Conj/Air       12%        1d3       14%         1
 Sting                    Conj/Alch      12%        1d3       14%         1
 Dazzling Flash           Conj/Hex       20%        N/A       19%         3
 Volatile Blastmotes      Fire/Tloc      22%        2d11      19%         3
 Animate Dead             Necr           21%        N/A       19%         4
 Dispel Undead            Necr           21%        3d11      19%         4
 Call Imp                 Summ           6%         N/A       22%         2
 Searing Ray              Conj           6%         2d4       22%         2
 Anguish                  Hex/Necr       9%         N/A       22%         4
 Manifold Assault         Tloc           19%        N/A       24%         4
 Cause Fear               Hex            9%         N/A       28%         4
 Call Canine Familiar     Summ           3%         N/A       41%         3
 Frozen Ramparts          Ice            6%         1d1       41%         3
 Ozocubu's Armour         Ice            3%         N/A       41%         3
 Passwall                 Erth           3%         N/A       41%         3
 Stone Arrow              Conj/Erth      6%         3d7       41%         3
 Summon Ice Beast         Ice/Summ       3%         N/A       41%         3
 Swiftness                Air            3%         N/A       41%         3
 Martyr's Knell           Necr/Summ      12%        N/A       45%         4
 Curse of Agony           Necr           21%        N/A       45%         5
 Vhi's Electric Charge    Tloc/Air       22%        N/A       52%         4
 Airstrike                Air            1%         2d(1-17)  82%         4
 Brom's Barrelling Bould  Conj/Erth      3%         2d3       82%         4
 Fulminant Prism          Conj/Alch      1%         3d5       82%         4
 Leda's Liquefaction      Alch/Erth      1%         N/A       82%         4
 Olgreb's Toxic Radiance  Alch           3%         N/A       82%         4
 Petrify                  Alch/Erth      3%         N/A       82%         4
 Summon Lightning Spire   Summ/Air       3%         N/A       82%         4
 Borgnjor's Vile Clutch   Necr/Erth      6%         N/A       82%         5
 Summon Forest            Summ/Tloc      5%         N/A       86%         5
 Metabolic Englaciation   Hex/Ice        5%         N/A       87%         5
 Summon Mana Viper        Hex/Summ       10%        N/A       87%         5
 Death Channel            Necr           10%        N/A       96%         6
 Dispersal                Tloc           9%         N/A       98%         6
 Alistair's Intoxication  Alch           2%         N/A       99%         5
 Arcjolt                  Conj/Air       1%         1d11      99%         5
 Fireball                 Conj/Fire      1%         3d3       99%         5
 Freezing Cloud           Conj/Ice/Air   1%         6-21      99%         5
 Iskenderun's Battlesphe  Conj           3%         2d6       99%         5
 Lee's Rapid Deconstruct  Erth           1%         3d4*      99%         5
 Conjure Ball Lightning   Conj/Air       1%         3x3d6     100%        6
 Eringya's Noxious Bog    Alch           1%         4d6       100%        6
 Starburst                Conj/Fire      1%         6d3       100%        6
 Enfeeble                 Hex            9%         N/A       100%        7
 Monstrous Menagerie      Summ           1%         N/A       100%        7
 Orb of Destruction       Conj           1%         9d5       100%        7
 Ozocubu's Refrigeration  Ice            1%         4d7       100%        7
 Summon Hydra             Summ           1%         N/A       100%        7
 Discord                  Hex            9%         N/A       100%        8
 Disjunction              Tloc           9%         N/A       100%        8
 Maxwell's Capacitive Co  Air            1%         ∞         100%        8
 Dragon's Call            Summ           1%         N/A       100%        9
 Dimensional Bullseye     Hex/Tloc       Unusable   N/A       N/A         4
 Animate Armour           Summ/Erth      Unusable   N/A       N/A         4

Dungeon Overview and Level Annotations

Branches:
Dungeon (15/15)            Temple (1/1) D:7            Lair (5/5) D:10
  Swamp (4/4) Lair:2        Snake (4/4) Lair:3        Slime (0/5) Lair:5
    Orc (2/2) D:12            Elf (3/3) Orc:2        Vaults (5/5) D:14
  Crypt (0/3) Vaults:2     Depths (4/4) D:15            Zot (5/5) Depths:4
Ossuary (visited)          WizLab (visited)

Altars:
Ashenzari
Cheibriados
Dithmenos
Elyvilon
Fedhas
Gozag
Hepliaklqana
Kikubaaqudgha
Makhleb
Nemelex Xobeh
Okawaru
Qazlal
Ru
Sif Muna
Trog
Uskayaw
Vehumet
Wu Jian
Xom
Yredelemnul
Zin
The Shining One
Ignis

Shops:
D:5 [   D:9 *   Orc:2 [?!?   Elf:1 :==   Snake:1 =   Vaults:3 [(!
Depths:4 !:**

Portals:
Hell: Depths:1 Depths:2 Depths:4
Abyss: Depths:2 Depths:3 Depths:4
Ziggurat: Depths:2

Annotations:
D:6 1 exclusion
D:9 1 runed translucent door, Sirjeffry24's ghost, novice HOFi
D:12 Azrael
D:13 exclusion: ice statue
Swamp:1 2 transporters, exclusion: orange crystal statue
Elf:2 3 runed translucent doors
Depths:3 1 runed translucent door, 1 exclusion, Qowilec's ghost, adept VSFi
Zot:2 exclusion: 3 upstairs
Zot:3 exclusion: 2 upstairs
Zot:4 exclusion: 2 upstairs
Zot:5 exclusion: 2 upstairs


Innate Abilities, Weirdness & Mutations

You are a living statue of rough stone.
Your actions are slow, but your melee attacks are powerful.
You are resistant to unholy torment.
Your maximum health is greatly increased.
You are immune to poison.
You have sharp claws.
You have razor-sharp teeth.
You have supernaturally acute eyesight. (SInv)
((Your thick and shaggy fur keeps you warm. (AC +3, rC+)))
Your paws help you pounce on unaware monsters.
You are incapable of wielding weapons or throwing items.
You cannot wear armour.
You gain extra lives every three experience levels.
You are clumsy. (Dex -2)
Your body sometimes deteriorates upon taking damage.


Message History

You climb upwards.
There is a stone staircase leading down here.
What level of the Dungeon? (default 1, ? - help) HP restored.
There is a stone staircase leading up here.
You climb upwards.
There is a stone staircase leading down here.
An Ice Fiend comes into view.
There is a stone staircase leading down here.
You mangle the Ice Fiend!!
The Ice Fiend is moderately wounded.
You eviscerate the Ice Fiend!!! Your bite misses the Ice Fiend.
The Ice Fiend is severely wounded.
The Ice Fiend completely misses you. x2
You eviscerate the Ice Fiend!!!
You kill the Ice Fiend!
Sif Muna accepts your kill.
You feel your dexterity returning.
Training target 23.9 for Unarmed Combat reached!
You need to enable at least one skill for training.
Your Stealth skill increases to level 2!
What level of the Dungeon? (default 1, ? - help)
A reaper comes into view. It is wielding a +2 scythe of freezing.
There is an open gate here.
A Brimstone Fiend comes into view.
The Brimstone Fiend calls on the powers of darkness!
Your body is wracked with pain!
The reaper completely misses you. The reaper attacks as it pursues you!
The reaper completely misses you. The reaper barely misses you.
The Brimstone Fiend completely misses you. x2
The Brimstone Fiend misses you.
The Brimstone Fiend completely misses you. x3
There is a staircase leading out of the dungeon here.
The reaper misses you.
The Brimstone Fiend completely misses you. x2
The Brimstone Fiend hits you but does no damage.
The reaper completely misses you. The Brimstone Fiend hits you!
The Brimstone Fiend completely misses you.
The Brimstone Fiend hits you but does no damage.
You have escaped!

.............♣.....♣.......'.....
.#........................##.....
.#...##.......#'''#.......##.....
.'..)+......###...###.....##.....
.#...#......#.......#.)...##.....
+#...#......#.......#.....##.....
.....#......#...2...#.....##.....
.....#......#....1..#.....####'##
.....#......#...8...#.....# #.#
.....#....###.......###...####.#
.....#....#...........#...#....##
..........#.8.......8.#...#....'.
..###.#...#...#####...#...#....##
..........#####...#####...#....#
.####.....................#....#
.# #.....................######
.#####..........⌠.........# ####


You could see a Brimstone Fiend and a reaper.

Vanquished Creatures
  A pandemonium lord (Depths:1)
  2 dread liches (Zot:5)
  4 ancient liches
  7 orbs of fire (Zot:5)
  A juggernaut (Depths:4)
  Sojobo (Depths:2)
  4 Killer Klowns (Zot:5)
  11 caustic shrikes
  7 golden dragons
  A profane servitor (Zot:1)
  A bone dragon (Depths:4)
  Norris (Elf:3)
  the Enchantress (Depths:1)
  3 electric golems
  2 Tzitzimimeh
  A walking crystal tome (Depths:3)
  5 liches
  13 tentacled monstrosities
  2 walking earthen tomes (Depths:3)
  4 titans
  2 Ice Fiends
  2 deep elf blademasters (Elf:3)
  26 Orb Guardians
  11 sphinxes
  2 deep elf master archers (Elf:3)
  Frances (Swamp:2)
  6 quicksilver dragons
  A thorn hunter (Swamp:4)
  A tentacled starspawn (Abyss:2)
  Kirke (Lair:4)
  4 death cobs
  14 tengu reavers
  7 shadow dragons
  Aizul (Snake:1)
  4 draconian monks
  11 storm dragons
  4 draconian knights
  5 fenstrider witches
  13 fire giants
  6 nagarajas
  11 frost giants
  3 iron dragons (Depths:2)
  A balrug (Depths:1)
  7 deep elf sorcerers
  24 vault wardens
  2 cacodemons
  3 draconian shifters
  2 ghouls (Swamp:4)
  3 orc warlords
  A ghost moth (Zot:4)
  3 spriggan defenders (Depths:1)
  2 deep elf elementalists (Elf:3)
  8 draconian scorchers
  A reaper (D:10)
  A demonspawn blood saint (D:8)
  2 draconian stormcallers (Zot:5)
  24 ironbound preservers
  7 ironbound thunderhulks
  8 very ugly things
  A formless jellyfish (Vaults:2)
  4 draconian annihilators
  12 green draconians
  15 stone giants
  8 deep elf death magi
  3 eleionomae
  7 vampire knights
  10 black draconians
  6 deep elf demonologists (Elf:3)
  3 red draconians
  A lorocyproca (D:9)
  6 yellow draconians
  4 dire elephants (Vaults:3)
  3 bunyips
  3 white draconians
  2 war gargoyles
  14 deep elf annihilators
  7 purple draconians
  An orange crystal statue (WizLab)
  8 spark wasps
  2 green deaths
  12 ettins
  2 blizzard demons
  A crystal guardian (Vaults:4)
  3 jiangshi (Depths:3)
  A merfolk impaler (Depths:4)
  4 shambling mangroves
  5 entropy weavers
  4 deep elf high priests
  9 fire dragons
  17 yaktaur captains
  8 rakshasas
  36 vault guards
  3 catoblepae (Lair:5)
  3 salamander tyrants (Snake:4)
  3 peacekeepers
  A spriggan zombie (Depths:2)
  6 ice dragons
  11 hydras
  5 spriggan air magi
  An ogre mage (Swamp:4)
  2 hell beasts (D:15)
  7 alligators
  4 great orbs of eyes
  3 ghost crabs
  9 ironbound frosthearts
  10 anacondas
  An anaconda (shapeshifter) (Vaults:5)
  22 centaur warriors
  A two-headed ogre (shapeshifter) (Depths:3)
  2 deep troll shamans (Depths:3)
  2 hell hogs (Zot:2)
  7 two-headed ogres
  11 naga warriors
  7 boulder beetles
  9 deep troll earth magi
  9 death yaks
  11 naga sharpshooters
  A sphinx skeleton (Vaults:1)
  3 tengu warriors
  21 dancing weapons
  9 shock serpents
  2 demonic crawlers
  3 vampire magi
  A thrashing horror (Abyss:2)
  Urug (D:13)
  Nergalle (Lair:3)
  3 orc high priests
  Sonja (D:12)
  12 spriggans
  A wretched star (Abyss:2)
  6 skysharks
  18 hell knights
  13 deep elf knights
  9 skeletal warriors
  2 sixfirhies
  2 iron trolls (Depths:3)
  3 salamander mystics
  A sea snake (shapeshifter) (Vaults:3)
  A glowing orange brain (shapeshifter) (Vaults:5)
  A deep troll (shapeshifter) (Vaults:4)
  4 bog bodies
  A large abomination (Abyss:2)
  56 deep trolls
  10 goliath frogs
  10 arcanists
  4 glowing orange brains
  10 mana vipers
  2 lindwurms (Vaults:2)
  7 necromancers
  3 swamp dragons
  9 spriggan druids
  17 deep elf archers
  21 ironbound convokers
  4 naga ritualists
  Pikel (D:5)
  12 orc knights
  2 phantasmal warriors (Vaults:5)
  A harpy (Vaults:2)
  34 deep elf zephyrmancers
  26 deep elf pyromancers
  A wolf spider (Vaults:4)
  8 orc sorcerers
  A wolf spider (shapeshifter) (Vaults:4)
  60 ugly things
  10 salamanders
  4 manticores
  Maurice (D:8)
  13 moths of wrath
  A will-o-the-wisp (Swamp:4)
  8 cyclopes
  5 elephants (Lair:5)
  5 kobold blastminers
  4 water nymphs (shapeshifter)
  A meliai (shapeshifter) (Elf:2)
  25 vault sentinels
  31 black mambas
  3 meliai (D:14)
  3 gargoyles
  5 smoke demons
  5 orange demons
  2 molten gargoyles (Lair:3)
  13 naga magi
  2 guardian serpents
  8 cane toads
  3 hellions
  8 komodo dragons
  3 freezing wraiths
  52 yaktaurs
  2 tormentors
  2 tengu conjurers
  An ancient zyme (Abyss:2)
  5 hellwings (Swamp:4)
  9 trolls
  A queen bee (shapeshifter) (D:14)
  3 glass eyes
  6 saltlings (Orc:2)
  19 hornets
  A glass eye (shapeshifter) (Vaults:5)
  7 tyrant leeches
  A tarantella (Vaults:2)
  8 blink frogs
  17 slime creatures
  An ettin skeleton (Vaults:1)
  3 shadows
  6 wyverns
  A yak (shapeshifter) (D:15)
  2 culicivoras (shapeshifter) (D:14)
  5 air elementals
  A culicivora (Vaults:5)
  8 water elementals
  A hog (Lair:4)
  4 wargs
  6 fire elementals
  A wraith (D:8)
  Grum (D:10)
  3 vampires (Vaults:2)
  32 yaks
  8 vampire mosquitoes
  3 basilisks
  A human (Lair:4)
  2 steam dragons
  2 neqoxecs (Abyss:2)
  10 redbacks
  2 chaos spawn (Swamp:4)
  32 nagas
  17 swamp worms
  A water moccasin (shapeshifter) (Vaults:5)
  22 water moccasins
  Duvessa (D:6)
  An acid dragon (D:14)
  4 hell hounds
  2 swamp drakes
  A sky beast (D:8)
  3 ice beasts
  2 ogres
  6 black bears (Lair:1)
  39 orc warriors
  12 wolves
  8 centaurs
  4 boggarts (Vaults:3)
  A crocodile (D:4)
  A lemure (D:5)
  2 phantoms (D:5)
  2 kobold brigands
  A necrophage (Swamp:4)
  2 elf zombies (Ossuary)
  A scorpion (D:6)
  A gnoll sergeant (D:13)
  2 small abominations (Abyss:2)
  11 bullfrogs
  2 earth elementals
  8 wights
  Dowan (D:6)
  18 killer bees
  An orc simulacrum (Vaults:1)
  2 electric eels (Lair:5)
  4 howler monkeys
  A bombardier beetle (D:11)
  A crimson imp (Orc:2)
  5 lava snakes (Lair:3)
  2 centaur zombies (Ossuary)
  7 human zombies
  An iron imp (Orc:2)
  5 jellies
  2 gnoll boudas
  7 hounds
  14 orc priests
  2 sleepcaps (D:5)
  2 iguanas
  32 orc wizards
  5 hound zombies (Ossuary)
  2 mummies (Ossuary)
  13 gnolls
  7 adders
  A shadow imp (Orc:2)
  2 white imps
  3 adder zombies (Ossuary)
  4 dart slugs
  A ribbon worm (D:3)
  99 orcs
  6 ball pythons
  5 bats
  8 endoplasms
  5 giant cockroaches
  A giant cockroach (shapeshifter) (D:15)
  2 gnoll zombies (Ossuary)
  8 goblins
  12 hobgoblins
  4 jackals (D:3)
  6 quokkas
  11 frilled lizards
  5 jackal zombies (Ossuary)
  21 kobolds
  7 kobold zombies (Ossuary)
  7 orc zombies (Ossuary)
  2 rats
  3 spectral weapons
  A starspawn tentacle (Abyss:2)
2045 creatures vanquished.

Vanquished Creatures (collateral kills)
  4 adders
  A gnoll (D:4)
  An orc (D:6)
  2 kobolds (D:5)
8 creatures vanquished.

Vanquished Creatures (others)
  2 fire giants
  A draconian knight (Zot:4)
  An ironbound preserver (Vaults:4)
  A vampire knight (Depths:2)
  A blizzard demon (Swamp:4)
  An anaconda (Snake:4)
  An occultist (Depths:2)
  A deep elf archer (Elf:1)
  4 deep elf zephyrmancers
  2 yaktaurs (Vaults:2)
  5 bloated husks
  A human (Lair:4)
  2 foxfires (Swamp:4)
  A starspawn tentacle (Abyss:2)
24 creatures vanquished.

Grand Total: 2077 creatures vanquished

Notes
Turn   | Place    | Note
-------+----------+-------------------------------------------
     0 | D:1      | bakla the Felid Warper began the quest for the Orb.
     0 | D:1      | Reached XP level 1. HP: 11/11 MP: 4/4
   294 | D:1      | Reached skill level 1 in Stealth
   294 | D:1      | Reached XP level 2. HP: 15/15 MP: 6/6
   310 | D:1      | Learned a level 2 spell: Blink
   451 | D:1      | Reached skill level 1 in Hexes
  1021 | D:2      | Reached XP level 3. HP: 14/19 MP: 7/7
  1028 | D:2      | Learned a level 3 spell: Confusing Touch
  1408 | D:2      | Killed from afar by an orc wizard
  1408 | D:2      | Lost a life (0 lives remaining)
  1823 | D:3      | Found a faded altar of an unknown god.
  1936 | D:3      | Reached XP level 4. HP: 19/23 MP: 8/8
  1936 | D:3      | Gained a life (1 life remaining)
  2086 | D:3      | Noticed a +0 hand axe
  2086 | D:3      | Noticed a +0 dagger
  2128 | D:3      | Learned a level 1 spell: Summon Small Mammal
  2179 | D:3      | Found a hide-covered altar of Uskayaw.
  2804 | D:3      | Found a white marble altar of Elyvilon.
  3011 | D:2      | Found a sacrificial altar of Ru.
  3055 | D:2      | Reached skill level 1 in Shapeshifting
  3150 | D:2      | Reached XP level 5. HP: 23/28 MP: 3/9
  3681 | D:4      | Noticed a crocodile
  3923 | D:4      | Gained mutation: You are covered in thick fur. (AC +2)
                  | [Felid growth]
  3923 | D:4      | Reached XP level 6. HP: 22/32 MP: 10/10
  4344 | D:4      | Reached skill level 5 in Dodging
  4521 | D:5      | Entered Level 5 of the Dungeon
  4711 | D:5      | Reached XP level 7. HP: 30/37 MP: 12/12
  4711 | D:5      | Gained a life (2 lives remaining)
  5021 | D:5      | Found Koeceir's Antique Armour Boutique.
  5021 | D:5      | Noticed a wyvern
  5029 | D:5      | Killed a wyvern
  5471 | D:5      | Reached XP level 8. HP: 42/42 MP: 14/14
  5574 | D:6      | Noticed a troll
  5842 | D:6      | Noticed Duvessa
  5933 | D:6      | Noticed Pikel
  5963 | D:5      | Killed Pikel
  5964 | D:5      | Reached skill level 5 in Fighting
  5964 | D:5      | Reached skill level 5 in Unarmed Combat
  6216 | D:6      | Killed Duvessa
  6223 | D:6      | Noticed Dowan
  6233 | D:6      | Killed Dowan
  6325 | D:6      | Killed a troll
  6326 | D:6      | Reached XP level 9. HP: 41/47 MP: 4/16
  6869 | D:6      | Found the +18 Lear's hauberk
  6907 | D:6      | Found a bloodstained altar of Trog.
  7008 | D:7      | Found an ornate altar of the Wu Jian Council.
  7008 | D:7      | Found a blossoming altar of Fedhas.
  7015 | D:7      | Became a worshipper of the Wu Jian Council
  7064 | D:7      | Found a sand-covered staircase.
  7073 | Ossuary  | Entered an ossuary
  7257 | Ossuary  | Reached * piety under Wu Jian
  7556 | D:7      | Found a broken altar of Ashenzari.
  7755 | D:7      | Found a snail-covered altar of Cheibriados.
  7756 | D:7      | Found a burning altar of Makhleb.
  7858 | D:7      | Found a staircase to the Ecumenical Temple.
  8265 | D:7      | Reached skill level 5 in Shapeshifting
  8272 | D:8      | Noticed Maurice
  8279 | D:8      | Maurice stole a granite talisman
  8281 | D:8      | Maurice stole 374 gold
  8290 | D:8      | Killed Maurice
  8355 | D:8      | Reached ** piety under Wu Jian
  8356 | D:8      | Reached XP level 10. HP: 43/55 MP: 17/17
  9395 | D:8      | Upgraded the game from 0.32-a0-18-g89e19f1974 to
                  | 0.32-a0-20-ge526923d97
  9436 | D:9      | Reached skill level 10 in Dodging
  9552 | D:9      | Found a runed translucent door.
  9788 | D:9      | Found a shimmering altar of Xom.
  9788 | D:9      | Noticed Sirjeffry24's ghost (novice HOFi)
  9788 | D:9      | Noticed a +1 dire flail of chaos
  9834 | D:9      | Found an iron altar of Okawaru.
  9847 | D:9      | Reached *** piety under Wu Jian
 10248 | D:9      | Noticed a two-headed ogre
 10267 | D:9      | Killed a two-headed ogre
 10497 | D:9      | Found Cit Kemi's General Store.
 10502 | D:9      | Bought a box of beasts for 480 gold pieces
 10693 | D:10     | Entered Level 10 of the Dungeon
 10913 | D:10     | Reached XP level 11. HP: 58/60 MP: 18/18
 11009 | D:10     | Found a staircase to the Lair.
 11009 | D:10     | Noticed Grum
 11026 | D:10     | Killed Grum
 11214 | D:10     | Noticed a two-headed ogre
 11220 | D:10     | Killed a two-headed ogre
 11953 | D:11     | Noticed a skeletal warrior
 11953 | D:11     | Noticed a skeletal warrior
 11953 | D:11     | Noticed a skeletal warrior
 11953 | D:11     | Noticed a skeletal warrior
 11960 | D:10     | Killed a skeletal warrior
 12008 | Lair:1   | Entered Level 1 of the Lair of Beasts
 12371 | Lair:1   | Reached **** piety under Wu Jian
 13586 | Lair:2   | Noticed a six-headed hydra
 13601 | Lair:2   | Killed a six-headed hydra
 13640 | Lair:2   | Gained mutation: Your thick and shaggy fur keeps you warm.
                  | (AC +3, rC+) [Felid growth]
 13640 | Lair:2   | Reached XP level 12. HP: 67/67 MP: 19/19
 13812 | Lair:2   | Reached skill level 10 in Unarmed Combat
 14022 | Lair:2   | Found a staircase to the Swamp.
 14053 | Lair:2   | HP: 2/67 [acid (4)]
 14054 | Lair:2   | Slain by a goliath frog
 14054 | Lair:2   | Lost a life (1 life remaining)
 14153 | Lair:2   | Reached skill level 10 in Fighting
 14474 | Lair:3   | Noticed a four-headed hydra
 14530 | Lair:3   | Noticed Nergalle
 14542 | Lair:3   | Killed Nergalle
 15085 | Lair:3   | Killed a four-headed hydra
 15142 | Lair:3   | Noticed a boulder beetle
 15142 | Lair:3   | Noticed a boulder beetle
 15151 | Lair:3   | Killed a boulder beetle
 15159 | Lair:3   | Killed a boulder beetle
 15236 | Lair:3   | Identified the granite talisman of the Apothecary {Dex+3}
 15481 | Lair:3   | Found a staircase to the Snake Pit.
 15775 | Lair:4   | Noticed a death yak
 15775 | Lair:4   | Noticed a death yak
 15776 | Lair:4   | Noticed a death yak
 15796 | Lair:3   | Killed a death yak
 15874 | Lair:4   | You fall into a shaft and drop 1 floor!
 15874 | Lair:5   | Entered Level 5 of the Lair of Beasts
 15925 | Lair:4   | Killed a death yak
 15932 | Lair:4   | Killed a death yak
 15954 | Lair:4   | Noticed a boulder beetle
 16481 | Lair:4   | Noticed Kirke
 16481 | Lair:4   | Noticed a four-headed hydra
 16506 | Lair:4   | Killed Kirke
 16511 | Lair:4   | Killed a four-headed hydra
 16679 | Lair:4   | Reached XP level 13. HP: 62/74 MP: 15/20
 16679 | Lair:4   | Gained a life (2 lives remaining)
 17367 | Lair:5   | Found a staircase to the Slime Pits.
 17405 | Lair:5   | Reached skill level 10 in Shapeshifting
 18165 | Lair:5   | Slain by a manticore
 18165 | Lair:5   | Lost a life (1 life remaining)
 18630 | Lair:5   | Identified the dragon-blood talisman "Sioskofa" {rElec rF-
                  | Str+8 Dex+2}
 19020 | D:11     | Reached ***** piety under Wu Jian
 19333 | D:11     | Reached XP level 14. HP: 40/79 MP: 10/21
 19333 | D:11     | Gained a life (2 lives remaining)
 19769 | D:11     | Found a snail-covered altar of Cheibriados.
 20072 | D:12     | Noticed Sonja
 20077 | D:12     | Killed Sonja
 20107 | D:12     | Noticed Azrael
 20889 | D:12     | Found a staircase to the Orcish Mines.
 21073 | D:13     | Identified the +4 short sword of Courage {elec, ^Drain
                  | rElec rC+ Dex+6}
 21774 | D:13     | Noticed Urug
 21781 | D:13     | Killed Urug
 23151 | D:14     | Reached skill level 15 in Shapeshifting
 23287 | D:14     | Found a gate to the Vaults.
 23388 | D:14     | Found the +15 Maxwell's patent armour {-Cast -Tele rElec
                  | Will+ rCorr}
 23494 | D:15     | Entered Level 15 of the Dungeon
 24040 | D:15     | Reached XP level 15. HP: 71/83 MP: 13/22
 24486 | D:15     | Found a staircase to the Depths.
 24556 | D:15     | Reached skill level 15 in Dodging
 25084 | Orc:1    | Entered Level 1 of the Orcish Mines
 25211 | Orc:1    | Reached ****** piety under Wu Jian
 25641 | Orc:2    | Entered Level 2 of the Orcish Mines
 25683 | Orc:2    | Found a staircase to the Elven Halls.
 25785 | Orc:2    | Found Ocrixerch's Antique Armour Shop.
 25806 | Orc:2    | Found Vahamolu's Distillery.
 25821 | Orc:2    | Found Gafisah's Magic Scroll Boutique.
 25843 | Orc:2    | Found Viakux's Magic Scroll Emporium.
 25858 | Orc:2    | Bought a scroll of teleportation for 36 gold pieces
 25858 | Orc:2    | Bought a scroll of teleportation for 36 gold pieces
 26617 | Orc:2    | Bought a potion of curing for 48 gold pieces
 26617 | Orc:2    | Bought a potion of haste for 160 gold pieces
 26617 | Orc:2    | Bought a potion of might for 64 gold pieces
 26617 | Orc:2    | Bought a potion of curing for 48 gold pieces
 26617 | Orc:2    | Bought a potion of might for 64 gold pieces
 26621 | Orc:2    | Bought a scroll of summoning for 123 gold pieces
 26973 | Snake:1  | Entered Level 1 of the Snake Pit
 27170 | Snake:1  | Identified the +0 robe of Naefit {+Inv rElec Stlth-}
 27421 | Snake:1  | Identified the serpent talisman of Zedwewus {rC+ rN+ rCorr}
 27421 | Snake:1  | Noticed Aizul
 27599 | Snake:1  | Reached XP level 16. HP: 90/90 MP: 22/23
 27886 | Snake:1  | Found Igefeug's Jewellery Shoppe.
 27902 | Snake:1  | Bought an amulet of regeneration for 540 gold pieces
 28201 | Snake:1  | Killed Aizul
 28618 | Snake:2  | Found a blossoming altar of Fedhas.
 28707 | Snake:2  | Identified the +4 flail "Wesmaz" {venom, rCorr}
 30314 | Snake:4  | Entered Level 4 of the Snake Pit
 30487 | Snake:4  | Noticed a quicksilver dragon
 30492 | Snake:4  | Killed a quicksilver dragon
 30524 | Snake:4  | Got a serpentine rune of Zot
 30559 | Snake:4  | Reached XP level 17. HP: 98/98 MP: 24/24
 31650 | Swamp:1  | Entered Level 1 of the Swamp
 31688 | Swamp:1  | Reached skill level 15 in Fighting
 31695 | Swamp:1  | Reached skill level 15 in Unarmed Combat
 31891 | Swamp:1  | Found a transporter.
 31921 | Swamp:1  | Found a transporter.
 32484 | Swamp:2  | Noticed Frances
 32575 | Swamp:2  | Killed Frances
 33260 | Swamp:3  | Found a glowing golden altar of the Shining One.
 33469 | Swamp:4  | Entered Level 4 of the Swamp
 33780 | Swamp:4  | Reached XP level 18. HP: 105/105 MP: 25/25
 34241 | Swamp:4  | Got a decaying rune of Zot
 34694 | Elf:1    | Entered Level 1 of the Elven Halls
 35216 | Elf:1    | Found Qecix's Jewellery Shoppe.
 35218 | Elf:1    | Found Daruassi's Book Boutique.
 35219 | Elf:1    | Found Vis Puip's Jewellery Shoppe.
 35240 | Elf:1    | Paralysed by an air elemental for 1 turns
 35735 | Elf:2    | Found a magical portal.
 35894 | WizLab   | Entered Wucad Mu's Monastery
 36001 | WizLab   | Found the crystal ball of Wucad Mu {*channel}
 36047 | WizLab   | Reached XP level 19. HP: 114/114 MP: 20/26
 36236 | Elf:2    | Got the Exposition on the Transposed Wind
 36461 | Elf:2    | Reached XP level 20. HP: 120/120 MP: 27/27
 36536 | Elf:2    | Found a runed translucent gate.
 36537 | Elf:2    | Found a runed translucent gate.
 36537 | Elf:2    | Found a runed translucent gate.
 36637 | Elf:3    | Entered Level 3 of the Elven Halls
 36644 | Elf:3    | Noticed Norris
 36657 | Elf:3    | Killed Norris
 36686 | Elf:3    | Learned a level 3 spell: Fugue of the Fallen
 36704 | Elf:3    | Reached skill level 1 in Necromancy
 36726 | Elf:3    | Killed the ghostly Norris
 36737 | Elf:3    | HP: 7/157 [deep elf archer/arrow (10)]
 37645 | Elf:3    | Identified the +1 short sword "Vostrawki" {antimagic, rN+
                  | rCorr SInv}
 37665 | Elf:3    | Identified the +0 chain mail "Xithry" {Dex+3}
 37667 | Elf:3    | Found the ring of the Octopus King {HP+2 AC+2 EV+2 SH+2
                  | SInv}
 37675 | Elf:3    | Identified the +11 spear of the Boar {flame, Int+3}
 37678 | Elf:3    | Reached skill level 5 in Necromancy
 37679 | Elf:3    | HP: 3/159 [deep elf knight/shard of ice (16)]
 37859 | Elf:3    | Got Experienced Sorcery
 38217 | Vaults:1 | Entered Level 1 of the Vaults
 38872 | Vaults:1 | Reached XP level 21. HP: 128/128 MP: 28/28
 39631 | Vaults:2 | Found a staircase to the Crypt.
 39707 | Abyss:2  | Cast into level 2 of the Abyss (war gargoyle)
 39712 | Abyss:2  | Found a corrupted altar of Lugonu.
 39717 | Abyss:2  | Found a corrupted altar of Lugonu.
 39732 | Abyss:2  | Found a corrupted altar of Lugonu.
 39821 | Vaults:2 | Escaped the Abyss
 39955 | Vaults:2 | Reached skill level 1 in Invocations
 39999 | Vaults:2 | Reached skill level 2 in Invocations
 40092 | Vaults:2 | Reached skill level 3 in Invocations
 40151 | Vaults:2 | Reached skill level 4 in Invocations
 40229 | Vaults:2 | Reached skill level 5 in Invocations
 40561 | Vaults:3 | Reached skill level 6 in Invocations
 40606 | Vaults:3 | Reached skill level 7 in Invocations
 40748 | Vaults:3 | Reached skill level 8 in Invocations
 40948 | Vaults:3 | Reached skill level 9 in Invocations
 41120 | Vaults:3 | Found Huimpioz's Distillery.
 41127 | Vaults:3 | Found Onimosyi's Antique Weapon Boutique.
 41137 | Vaults:3 | Reached skill level 10 in Invocations
 41162 | Vaults:3 | Bought a potion of ambrosia for 152 gold pieces
 41162 | Vaults:3 | Bought a potion of curing for 57 gold pieces
 41162 | Vaults:3 | Bought a potion of might for 76 gold pieces
 41162 | Vaults:3 | Bought a potion of heal wounds for 95 gold pieces
 41162 | Vaults:3 | Bought a potion of might for 76 gold pieces
 41162 | Vaults:3 | Bought a potion of haste for 190 gold pieces
 41207 | Vaults:3 | Found Ivavec's Armour Emporium.
 41410 | Vaults:3 | Reached skill level 11 in Invocations
 41779 | Vaults:4 | Reached XP level 22. HP: 133/133 MP: 31/31
 41812 | Vaults:4 | Reached skill level 12 in Invocations
 42077 | Vaults:4 | Reached skill level 13 in Invocations
 42553 | Vaults:4 | Reached skill level 14 in Invocations
 42904 | Vaults:4 | Identified a scroll of acquirement
 42908 | Vaults:4 | Acquired a manual of Translocations
 43009 | Vaults:5 | Entered Level 5 of the Vaults
 43024 | Vaults:5 | Reached skill level 15 in Invocations
 43060 | Vaults:5 | Reached skill level 16 in Invocations
 43091 | Vaults:5 | Noticed a golden dragon
 43094 | Vaults:5 | Reached skill level 17 in Invocations
 43099 | Vaults:5 | Killed a golden dragon
 43102 | Vaults:5 | Reached XP level 23. HP: 109/137 MP: 36/36
 43116 | Vaults:5 | Identified the +7 falchion of Irritation {flame, rF+}
 43127 | Vaults:5 | Reached skill level 18 in Invocations
 43273 | Vaults:5 | Identified the staff of the Ageing Traitor {*Slow rC+ Str+4
                  | Int-3 Necro Ice}
 43276 | Vaults:5 | Identified the +1 hand axe "Zuchaov" {vamp, +Blink Will+
                  | MP+9 Stlth-}
 43335 | Vaults:5 | Identified the ring of Wishful Thinking {Fly rElec EV+5
                  | Slay-3 Stlth+}
 43338 | Vaults:5 | Identified the ring "Xiseagy" {rN+ MP+9 Str-2 Dex+2}
 43505 | Vaults:5 | Identified the +0 robe of Zuawk {-Tele rCorr Int+6}
 43690 | Vaults:5 | Got a silver rune of Zot
 43829 | Vaults:5 | Identified the +1 mace "Looryuf" {elec, rF+}
 44264 | Elf:1    | Bought a ring of protection from fire for 425 gold pieces
 44483 | Depths:1 | Entered Level 1 of the Depths
 44891 | Depths:1 | Noticed the Enchantress
 44962 | Depths:1 | Found an ancient bone altar of Kikubaaqudgha.
 45166 | Depths:1 | Reached skill level 19 in Invocations
 45176 | Depths:1 | Killed the Enchantress
 45275 | Depths:1 | Found a gateway to Hell.
 45430 | Depths:2 | Noticed Sojobo
 45591 | Depths:3 | Noticed a caustic shrike
 45591 | Depths:3 | Noticed a caustic shrike
 45591 | Depths:3 | Noticed a caustic shrike
 45591 | Depths:3 | Found a one-way gate to the infinite horrors of the Abyss.
 45592 | Depths:3 | Noticed a caustic shrike
 45593 | Depths:3 | Killed a caustic shrike
 45593 | Depths:3 | Killed a caustic shrike
 45593 | Depths:3 | Killed a caustic shrike
 45595 | Depths:3 | Killed a caustic shrike
 45602 | Depths:3 | Reached skill level 20 in Invocations
 45650 | Depths:2 | Noticed an ancient lich
 45653 | Depths:2 | Noticed an ancient lich
 45656 | Depths:2 | Killed an ancient lich
 45657 | Depths:2 | Reached skill level 21 in Invocations
 45659 | Depths:2 | Killed an ancient lich
 45702 | Depths:4 | Entered Level 4 of the Depths
 45702 | Depths:4 | Noticed a caustic shrike
 45703 | Depths:4 | Noticed a juggernaut
 45706 | Depths:4 | Noticed a caustic shrike
 45707 | Depths:4 | Noticed a caustic shrike
 45708 | Depths:4 | Noticed a caustic shrike
 45708 | Depths:4 | Killed a caustic shrike
 45708 | Depths:4 | Noticed a caustic shrike
 45709 | Depths:4 | Noticed a caustic shrike
 45709 | Depths:4 | Noticed a caustic shrike
 45712 | Depths:4 | Killed a caustic shrike
 45713 | Depths:4 | Noticed a caustic shrike
 45713 | Depths:4 | Noticed a caustic shrike
 45713 | Depths:4 | Noticed a caustic shrike
 45714 | Depths:4 | Noticed a caustic shrike
 45723 | Depths:4 | Killed a caustic shrike
 45724 | Depths:4 | Reached XP level 24. HP: 104/144 MP: 38/38
 45724 | Depths:4 | Killed a juggernaut
 45844 | Depths:4 | Found Igheihacw's General Store.
 45847 | Depths:4 | Found Qoon Xesm's General Store.
 45847 | Depths:4 | Found Hion's Book Shop.
 45852 | Depths:4 | Bought a scroll of fear for 60 gold pieces
 45852 | Depths:4 | Found Cot Cosm's Distillery.
 45855 | Depths:4 | Bought a potion of haste for 200 gold pieces
 45855 | Depths:4 | Bought a scroll of blinking for 150 gold pieces
 45858 | Depths:4 | Bought a potion of curing for 42 gold pieces
 45858 | Depths:4 | Bought a potion of resistance for 140 gold pieces
 45858 | Depths:4 | Bought a potion of haste for 140 gold pieces
 45858 | Depths:4 | Bought a potion of curing for 42 gold pieces
 46012 | Depths:2 | Found a candlelit altar of Ignis.
 46175 | Depths:2 | Found a one-way gateway to a ziggurat.
 46232 | Depths:2 | Reached skill level 22 in Invocations
 46236 | Depths:2 | Killed Sojobo
 46351 | Depths:3 | Noticed Qowilec's ghost (adept VSFi)
 46351 | Depths:3 | Found a runed translucent door.
 46351 | Depths:3 | Found a shadowy altar of Dithmenos.
 46771 | Depths:3 | HP: 8/193 [lich/bolt of cold (48)]
 47326 | Depths:4 | Found a gate to the Realm of Zot.
 47491 | Zot:1    | Entered Level 1 of the Realm of Zot
 47528 | Zot:1    | Reached skill level 23 in Invocations
 47759 | Zot:1    | Reached XP level 25. HP: 153/153 MP: 39/39
 48819 | Zot:5    | Entered Level 5 of the Realm of Zot
 48915 | Zot:5    | Reached skill level 24 in Invocations
 48943 | Zot:5    | Noticed a Killer Klown
 48957 | Zot:5    | Killed a Killer Klown
 48995 | Zot:5    | Noticed a Killer Klown
 48996 | Zot:5    | Noticed an orb of fire
 48999 | Zot:5    | Killed an orb of fire
 49005 | Zot:5    | Noticed an orb of fire
 49006 | Zot:5    | Noticed a dread lich
 49006 | Zot:5    | Gained mutation: Your body sometimes deteriorates upon
                  | taking damage. [an orb of fire]
 49010 | Zot:5    | Killed a dread lich
 49010 | Zot:5    | Killed a Killer Klown
 49010 | Zot:5    | Killed an orb of fire
 49010 | Zot:5    | Noticed an ancient lich
 49017 | Zot:5    | Killed an ancient lich
 49068 | Zot:5    | Noticed an orb of fire
 49068 | Zot:5    | Noticed an orb of fire
 49072 | Zot:5    | Killed an orb of fire
 49072 | Zot:5    | Noticed a dread lich
 49073 | Zot:5    | Noticed a Killer Klown
 49073 | Zot:5    | Noticed an orb of fire
 49073 | Zot:5    | Noticed an orb of fire
 49073 | Zot:5    | Killed an orb of fire
 49076 | Zot:5    | Killed a dread lich
 49077 | Zot:5    | Killed an orb of fire
 49078 | Zot:5    | Reached XP level 26. HP: 115/161 MP: 40/40
 49081 | Zot:5    | Killed an orb of fire
 49084 | Zot:5    | Noticed an orb of fire
 49086 | Zot:5    | Gained mutation: You are clumsy. (Dex -2) [an orb of fire]
 49088 | Zot:5    | Killed an orb of fire
 49093 | Zot:5    | Noticed an ancient lich
 49098 | Zot:5    | Killed an ancient lich
 49100 | Zot:5    | Got the Orb of Zot
 49468 | Depths:1 | Noticed Qagituw the pandemonium lord
 49477 | Depths:1 | Killed Qagituw the pandemonium lord
 49599 | D:14     | Noticed Tuarch the pandemonium lord
 49599 | D:14     | Noticed an ancient lich
 49749 | D:6      | Noticed Peun the pandemonium lord
 49769 | Temple   | Entered the Ecumenical Temple
 49783 | Temple   | Fell from the grace of Wu Jian
 49783 | Temple   | Became a worshipper of Sif Muna the Loreminder
 49922 | D:$      | Escaped with the Orb!

Illustrated notes

Levels and vault maps discovered:
D:1:      wander_arrival_estate, layout_basic
D:2:      layout_basic, basic_altar, minivault_4
D:3:      layout_basic, dancing_weapons_uskayaw, mainiacjoe_overflow_alcove_1,
          shapermc_ecumenical_altar_notcrosses, minmay_between
D:4:      layout_loops_ring, minmay_lizard_king
D:5:      corexii_shack_village, layout_rooms, serial_shops, shop,
          kennysheep_another_room
D:6:      layout_basic, trog_antimagical, hellmonk_guarded_unrand_lears,
          uniq_duvessa, uniq_pikel
D:7:      layout_gridville, nicolae_overflow_squiral, amcnicky_altar_gilded,
          gammafunk_temple_overflow_pools, minmay_temple_entry_trees,
          mainiacjoe_ossuary_entry_dusty_tomb
D:8:      layout_basic, uniq_maurice
D:9:      layout_roguey, lemuel_crystal_altar, serial_shops,
          kennysheep_little_box, ebering_ghost_xom,
          amcnicky_mini_corridor_feature
D:10:     layout_loops_corners, erik_lair_orcish_takeover, uniq_grum
D:11:     layout_basic, kennysheep_nondescript, slow_altar_1
D:12:     minmay_glassy_protrusions, layout_long_grid, orc_0_dummy,
          minmay_orc_keep, uniq_azrael, uniq_sonja
D:13:     layout_roguey, minivault_15, chequers_hall_statues_y, uniq_urug
D:14:     layout_basic, david_vaults_4
D:15:     gammafunk_enter_depths_forms, layout_loops_corners,
          serial_bayou_pond_a
Temple:   nicolae_temple_figure_eight
Lair:1:   layout_cave_pods, beast_lair_carwin_1
Lair:2:   layout_roguey, mainiacjoe_swamp_entry_lozenge_pond,
          serial_bayou_shore_b
Lair:3:   cheibrodos_magma_flow, layout_regular_city,
          minmay_snake_entry_guardpost_medium, hellmonk_talismancer,
          uniq_nergalle
Lair:4:   layout_cave_pods, uniq_kirke
Lair:5:   evilmike_catoblepas_cave, layout_gridlike, dpeg_slime_entry_enclosed,
          lemuel_fruit_tree
Swamp:1:  gammafunk_sealed_arena, layout_basic_swamp,
          nicolae_swamp_little_tower, nicolae_swamp_treefoil, swamp_pool_4
Swamp:2:  layout_falls_marsh, evilmike_swamp_ruin_house_5,
          infiniplex_staircase_pool_2, uniq_frances
Swamp:3:  layout_basic_swamp, lemuel_altar_in_water, swamp_pool_1_2,
          nicolae_swamp_decorative_isthmus
Swamp:4:  nzn_swamp_witches_coven, layout_basic_swamp, swamp_pool_1_2
Snake:1:  cheibrodos_forgotten_conduit, layout_basic, serial_shops,
          nicolae_shop_gaudy_bauble, serial_library_regret_index_turning,
          uniq_aizul
Snake:2:  layout_honeycomb, basic_altar
Snake:3:  layout_layer_cave
Snake:4:  hellmonk_snake_rune_quicksilver_temple, layout_cave_town,
          nicolae_snake_linked_coils
Orc:1:    layout_diamond_mine, nicolae_orc_rockfall
Orc:2:    hellmonk_orc_salted, layout_caves, basic_altar, hangedman_minor_magic
Elf:1:    layout_geoelf_diagonals, special_room [special_room_orc],
          minivault_28, grunt_megastairs_3, minmay_shop_grove
Elf:2:    nicolae_elf_blades_crystal_corner, layout_onion_city,
          lightli_enter_wizlab_magi_temple, kennysheep_underground_church
Elf:3:    grunt_elf_hall_asides, layout_gridlike,
          serial_sigils_hangedman_confine, statue_in_the_mist_lemuel, hex_large,
          uniq_norris
Vaults:1: nicolae_vaults_two_Ls, ontoclasm_vaults_misaligned,
          nicolae_vaults_double_plus_2, nicolae_vaults_tetromino_Z_1,
          hangedman_vaults_pinch, nicolae_vaults_more_shelving_2,
          ontoclasm_vaults_ring_small, nicolae_vaults_two_Ls,
          nicolae_vaults_tetromino_T_2, layout_vaults_quadrants
Vaults:2: minmay_crypt_entry_vampire_xt, nicolae_vaults_network_star,
          grunt_vaults_funnel, nicolae_vaults_what_the_h, v_misc_9,
          vaults_mumra_hexcomb, nicolae_vaults_inception_scallops,
          nicolae_vaults_cochlea, nicolae_vaults_specimen_jars,
          nicolae_vaults_trapezoid_3, nicolae_vaults_double_plus_3,
          nicolae_vaults_variable_pillar_hall, vaults_room_door_hall,
          nicolae_vaults_tetromino_L_2, layout_vaults_omnibox
Vaults:3: ontoclasm_vaults_ring_small, dpeg_vaults_monster_row,
          vaults_room_guarded_vault, nicolae_vaults_little_squares_4,
          hangedman_vaults_stretched_pinwheel, nicolae_vaults_two_Ls, v_rooms_5,
          v_alt_pattern_4, nicolae_vaults_house_3,
          nicolae_vaults_trapezoid_lopsided_3, v_misc_3, v_pattern_4, v_misc_11,
          nicolae_vaults_trapezoid_lopsided_3,
          nicolae_vaults_trapezoid_lopsided_1,
          nicolae_vaults_trapezoid_lopsided_3, layout_vaults_big_cross,
          serial_shops, nicolae_shop_just_a_little_nook, shop,
          nicolae_shop_gibbet_a_chance
Vaults:4: dpeg_vaults_monster_box, st_squares, nicolae_vaults_rhombus_5,
          nicolae_vaults_sesquioval_fish, grunt_vaults_trifunnel,
          nicolae_vaults_little_squares_3, nicolae_vaults_network_s,
          grunt_vaults_swirl, v_misc_4, nicolae_vaults_trapezoid_lopsided_1,
          vaults_room_stairs_pillars, layout_vaults_ring
Vaults:5
Depths:1: layout_roguey, chequers_serial_rivers_small_a, lightli_too_deep,
          kiku_gazebo_garden_becter, firewood_loft,
          infiniplex_staircase_pool_lava, serial_bayou_shore_b,
          grunt_megastairs_5, uniq_enchantress
Depths:2: regret_index_infernal_bastille, layout_cave_shapes, enter_ziggurat_b,
          hell_entry, abyss_entry, rand_demon_pan_entry_5,
          corexii_hall_statues_i, uniq_sojobo
Depths:3: minmay_octagon_city, layout_cave_pools, serial_sigils_hangedman_carve,
          hellmonk_ghost_happy_afterlife, pf_hell_entry_tar_spiral, abyss_entry,
          minivault_10, grunt_dithmenos_smoke
Depths:4: grunt_zot_entry_bicorn, layout_cave_pools,
          pdpol_wu_jian_five_deadly_venoms, hell_entry,
          abyss_entry_small_statue_room, minmay_shoptagon
Zot:1:    layout_gridlike, regret_index_zotdec_magical_s, grunt_megastairs_2,
          uniq_vv
Zot:2:    layout_gridlike
Zot:3:    layout_onion_interference
Zot:4:    grunt_twist_and_shout, layout_concentric_octagons,
          regret_index_zotdec_fiery_em
Zot:5:    layout_misc_corridors

Skill      XL: |  1  2  3  4  5  6  7  8  9 10 11 12 13 14 15 16 17 18 19 20 21 22 23 24 25 26 |
---------------+-------------------------------------------------------------------------------+-----
Stealth        | 1 2 |  2.3
Hexes          | 1 2 3 4 |  4.0
Dodging        | 4 5 6 7 9 11 12 14 16 18 20 | 20.0
Shapeshifting  | 1 2 4 5 6 7 9 12 15 16 17 18 | 18.0
Unarmed Combat | 3 4 5 7 8 9 11 12 14 16 18 20 22 23 | 23.9
Fighting       | 3 4 5 7 8 9 11 12 14 16 18 20 22 23 | 23.9
Spellcasting   | 3 4 |  4.0
Necromancy     | 5 |  5.0
Invocations    | 11 17 21 23 24 | 24.0
Translocations | |  4.4

Action                     |  1- 3 |  4- 6 |  7- 9 | 10-12 | 13-15 | 16-18 | 19-21 | 22-24 | 25-27 || total
---------------------------+-------+-------+-------+-------+-------+-------+-------+-------+-------++-------
  Melee: Unarmed           |   140 |   185 |   449 |   661 |  1048 |  1281 |   852 |  1442 |   625 ||  6683
         Bite              |     6 |    25 |    61 |    92 |   154 |   152 |   101 |   203 |    90 ||   884
         Punch             |     3 |     3 |    28 |    51 |    93 |   119 |   131 |   220 |   111 ||   759
         Maw               |       |       |       |       |   301 |       |       |       |       ||   301
         Tailslap          |       |       |       |       |    37 |       |       |       |       ||    37
   Cast: Confusing Touch   |     1 |     2 |    37 |     2 |       |       |       |       |       ||    42
         Summon Small Mamm |       |    42 |    45 |     9 |       |       |       |       |       ||    96
         Blink             |       |       |     1 |       |       |       |       |       |       ||     1
         Fugue of the Fall |       |       |       |       |       |       |    16 |    10 |     2 ||    28
 Invoke: Serpent's Lash    |       |       |       |     6 |    11 |    12 |     7 |    21 |     8 ||    65
         Heavenly Storm    |       |       |       |       |     1 |     1 |     1 |     2 |     1 ||     6
Ability: Lunge             |       |       |    12 |    49 |   100 |   116 |    69 |    82 |    40 ||   468
         Whirlwind         |       |       |     7 |    70 |   275 |   361 |   183 |   613 |   286 ||  1795
         Breathe Fire      |       |       |       |       |     1 |       |       |       |       ||     1
         Wall Jump         |       |       |       |       |       |       |       |       |     1 ||     1
  Evoke: Wand              |       |       |       |    12 |     4 |       |       |       |     5 ||    21
         Box of beasts     |       |       |       |     2 |     2 |       |       |       |       ||     4
    Use: Scroll            |     2 |     6 |     7 |    13 |     7 |     3 |     3 |     5 |     5 ||    51
         Potion            |       |     1 |     2 |     3 |     2 |     5 |     6 |     4 |     6 ||    29
   Stab: Sleeping          |     6 |     7 |     1 |     5 |     5 |     9 |     3 |     3 |       ||    39
         Confused          |     1 |     1 |    16 |     2 |       |       |       |       |       ||    20
         Distracted        |       |       |     3 |     2 |     2 |     7 |     1 |       |     2 ||    17
         Paralysed         |       |       |       |       |     1 |       |       |       |       ||     1
 Armour: Skin              |    37 |    51 |   129 |   163 |   311 |   572 |   323 |   548 |   242 ||  2376
  Dodge: Dodged            |    91 |   134 |   371 |   535 |   730 |  2003 |  1191 |  2037 |   850 ||  7942
  Block: Other             |       |       |       |       |       |       |    57 |    79 |    31 ||   167
   Form: Beast             |     1 |       |       |       |       |       |       |       |       ||     1
         Maw               |       |       |       |       |     4 |       |       |       |       ||     4
         Statue            |       |       |       |       |     3 |       |     1 |       |       ||     4
         Dragon            |       |       |       |       |     2 |       |       |       |       ||     2
                           |       |       |       |       |       |       |     1 |       |       ||     1

Table legend: (Time is in decaauts)
 A = Elapsed time spent in this place.
 B = Non-inter-level travel time spent in this place.
 C = Inter-level travel time spent in this place.
 D = Time resting spent in this place.
 E = Time spent auto-exploring this place.
 F = Levels seen in this place.
 G = Mean time per level.
                   A        B        C        D        E       F      G
               +--------+--------+--------+--------+--------+-----+--------+
         Total |  60405 |  55620 |   4785 |   4303 |  37127 |  51 | 1184.4 |
       Dungeon |  18914 |  17131 |   1783 |   1102 |  12043 |  15 | 1260.9 |
        Temple |     43 |     40 |      3 |      0 |      0 |   1 |   43.0 |
          Lair |   7135 |   6570 |    565 |    202 |   5108 |   5 | 1427.0 |
         Swamp |   4163 |   3919 |    244 |    355 |   2601 |   4 | 1040.8 |
     Snake Pit |   6782 |   6470 |    312 |    145 |   5254 |   4 | 1695.5 |
  Orcish Mines |   2285 |   1529 |    756 |     64 |   1005 |   2 | 1142.5 |
   Elven Halls |   4621 |   4353 |    268 |    276 |   2788 |   3 | 1540.3 |
        Vaults |   8315 |   7948 |    367 |     84 |   5896 |   5 | 1663.0 |
        Depths |   4695 |   4339 |    356 |    909 |   2178 |   4 | 1173.8 |
           Zot |   2582 |   2455 |    127 |   1164 |     73 |   5 |  516.4 |
         Abyss |    157 |    157 |      0 |      0 |     12 |   1 |  157.0 |
       Ossuary |    341 |    341 |      0 |      0 |     93 |   1 |  341.0 |
        Wizlab |    365 |    365 |      0 |      0 |     73 |   1 |  365.0 |
               +--------+--------+--------+--------+--------+-----+--------+

Top non-repeatable levels by time:
   Elf:3: 2010 daAuts
 Snake:1: 1978 daAuts
Vaults:4: 1824 daAuts
 Snake:3: 1819 daAuts
Vaults:3: 1778 daAuts
Vaults:1: 1762 daAuts
 Snake:4: 1746 daAuts
    D:15: 1675 daAuts
     D:5: 1592 daAuts
  Lair:5: 1554 daAuts
  Lair:1: 1545 daAuts
    D:14: 1544 daAuts
    D:10: 1536 daAuts
  Lair:3: 1510 daAuts
Vaults:2: 1505 daAuts
